 Dungeon Crawl Stone Soup version 0.32-a0-558-g233958a4c4 (webtiles) character file.

Game seed: 9430609015803840630

69 HC7 the Grasshopper (level 4, 0/42 HPs)
             Began as a Troll Warper on Feb 29, 2024.
             Slain by a gnoll
             ... wielding a +0 halberd
              (5 damage)
             ... on level 2 of the Dungeon.
             The game lasted 00:02:25 (598 turns).

HC7 the Grasshopper (Troll Warper)                   Turns: 598, Time: 00:02:26

Health: 0/42       AC:  4    Str: 19    XL:     4   Next: 2%
Magic:  5/5        EV:  5    Int: 11    God:
Gold:   48         SH:  0    Dex:  9    Spells: 6/6 levels left

rFire   . .          .
                       - Unarmed
rCold   . . .        (no shield)
rNeg    . . .        b - +0 robe
rPois   .            (helmet restricted)
rElec   .            (no cloak)
rCorr   .            (gloves unavailable)
SInv    .            (boots unavailable)
Will    .....        (no amulet)
Stlth   +            (no ring)
HPRegen 1.07/turn    (no ring)
MPRegen 0.09/turn

%: no passive effects
@: held
A: large, unfitting armour, claws 3, regeneration 1, shaggy fur 1, tough skin 1
a: no special abilities


You were on level 2 of the Dungeon.
You visited 1 branch of the dungeon, and saw 2 of its levels.

You collected 48 gold pieces.

Inventory:

Hand Weapons
 a - a +0 spear
Missiles
 d - 7 darts of dispersal (quivered)
Armour
 b - a +0 robe (worn)
Magical Staves
 h - a staff of conjuration
Scrolls
 c - a scroll of blinking
 i - a scroll of fear {unknown}
 k - 2 scrolls of noise {unknown}
 m - a scroll of amnesia {unknown}
Potions
 e - a potion of lignification {unknown}
 f - 2 potions of curing {unknown}
 g - a potion of heal wounds {unknown}
 j - a potion of haste {unknown}
 l - a potion of resistance {unknown}


   Skills:
 + Level 1.7 Fighting
 + Level 1.7 Polearms
 + Level 0.8 Throwing
 + Level 2.3 Dodging
 * Level 0.3 Stealth
 + Level 1.2 Unarmed Combat
 * Level 1.5 Spellcasting
 + Level 2.6 Translocations


You had 6 spell levels left.
You didn't know any spells.
Your spell library contained the following spells:

 Spells                   Type           Power      Damage    Failure   Level
 Blink                    Tloc           12%        N/A       16%         2
 Lesser Beckoning         Tloc           12%        N/A       16%         2
 Summon Small Mammal      Summ           0%         N/A       30%         1
 Teleport Other           Tloc           6%         N/A       30%         3
 Call Canine Familiar     Summ           0%         N/A       67%         3
 Manifold Assault         Tloc           6%         N/A       71%         4
 Vhi's Electric Charge    Tloc/Air       6%         N/A       87%         4
 Summon Blazeheart Golem  Fire/Summ      0%         N/A       97%         4


Dungeon Overview and Level Annotations

Branches:
Dungeon (2/15)

Altars:


Innate Abilities, Weirdness & Mutations

You are too large for most types of armour.
You have claws for hands.
Your natural rate of healing is unusually fast.
You are covered in fur. (AC +1)
You have tough skin. (AC +1)


Message History

You claw the bat!
You kill the bat!
You can't go up here!
You climb downwards.
There is a stone staircase leading up, spattered with blood here.
Found a steel ring. 2 gnolls come into view.
The gnoll shouts! x2; You hear a shout! x2
The gnoll moves out of view.
You hear a shout!
A gnoll comes into view.
It is wielding a +0 spear and quivering a throwing net.
Okay, then.
You see here a book of Callings.
You pick up a book of Callings and begin reading...
You add the spells Summon Small Mammal, Call Canine Familiar and Summon Blazeheart Golem to your library.
You closely miss the gnoll. The gnoll barely misses you. The gnoll misses you.
You claw the gnoll!
The gnoll is almost dead.
The gnoll barely misses you.
The gnoll hits you from afar with a +0 halberd.
The gnoll hits you from afar with a +0 spear.
You scratch the gnoll.
You kill the gnoll!
You have reached level 4!
The gnoll throws a throwing net.
The throwing net hits you.
You become entangled in the net!
The gnoll hits you from afar with a +0 halberd!
You see here a throwing net.
Unknown command.
You struggle against the net.
A gnoll comes into view. It is wielding a +0 spear.
The gnoll barely misses you.
You struggle against the net.
The gnoll barely misses you.
You struggle against the net.
The gnoll hits you from afar with a +0 spear.
The gnoll hits you from afar with a +0 halberd!
* * * LOW HITPOINT WARNING * * *
You struggle against the net.
The gnoll hits you but does no damage.
The gnoll hits you from afar with a +0 halberd.
You die...

#.... #...# ##
#...# . '...#
#.######...#
#.#....<...#
#......g[..# #
#....##....#.#
#....g.@.....#
#....g##....##
#.....=#...##
.........+.>.#
.........##...#
.........##...#
.........##...#
.........##..[#
#...#


You could see 3 gnolls.

Vanquished Creatures
  Jessica (D:2)
  A gnoll (D:2)
  4 ball pythons (D:1)
  5 endoplasms (D:1)
  2 giant cockroaches (D:1)
  2 goblins (D:1)
  2 hobgoblins (D:1)
  4 jackals (D:1)
  2 quokkas (D:1)
  2 bats (D:1)
  A frilled lizard (D:1)
  4 kobolds (D:1)
  A rat (D:1)
31 creatures vanquished.

Notes
Turn   | Place    | Note
-------+----------+-------------------------------------------
     0 | D:1      | HC7 the Troll Warper began the quest for the Orb.
     0 | D:1      | Reached XP level 1. HP: 19/19 MP: 1/1
    82 | D:1      | Reached XP level 2. HP: 26/27 MP: 2/2
   385 | D:1      | Reached XP level 3. HP: 24/35 MP: 4/4
   539 | D:2      | Noticed Jessica
   545 | D:2      | Killed Jessica
   546 | D:2      | Reached skill level 1 in Unarmed Combat
   594 | D:2      | Reached XP level 4. HP: 28/42 MP: 5/5
   598 | D:2      | Slain by a gnoll

Illustrated notes

Levels and vault maps discovered:
D:1:      minmay_arrival_jagged, layout_rooms, nicolae_kite_square_tiling_tiny
D:2:      layout_basic, minmay_split_cup_large, uniq_crazy_yiuf_cottage,
          uniq_jessica

Skill      XL: |  1  2  3 |
---------------+----------+-----
Dodging        | 2 |  2.3
Unarmed Combat | 1 |  1.2
Fighting       | |  1.7
Polearms       | |  1.7
Throwing       | |  0.8
Stealth        | |  0.3
Spellcasting   | |  1.5
Translocations | |  2.6

Action                     |  1- 3 |  4- 6 || total
---------------------------+-------+-------++-------
  Melee: Unarmed           |   101 |       ||   101
         Punch             |     2 |       ||     2
 Armour: Robe              |    80 |     5 ||    85
  Dodge: Dodged            |    88 |     2 ||    90

Table legend: (Time is in decaauts)
 A = Elapsed time spent in this place.
 B = Non-inter-level travel time spent in this place.
 C = Inter-level travel time spent in this place.
 D = Time resting spent in this place.
 E = Time spent auto-exploring this place.
 F = Levels seen in this place.
 G = Mean time per level.
                   A        B        C        D        E       F      G
               +--------+--------+--------+--------+--------+-----+--------+
         Total |    599 |    599 |      0 |      0 |    339 |   2 |  299.5 |
       Dungeon |    599 |    599 |      0 |      0 |    339 |   2 |  299.5 |
               +--------+--------+--------+--------+--------+-----+--------+

Top non-repeatable levels by time:
     D:1: 566 daAuts
     D:2: 32 daAuts
